 Dungeon Crawl Stone Soup version 0.28.0 (webtiles) character file.

Game seed: 10401806146328902468

48 Ijustatesigmund the Skirmisher (level 3, 0/24 HPs)
             Began as a Gargoyle Fighter on Feb 11, 2022.
             Killed by divine providence
             ... invoked by an orc priest
              (9 damage)
             ... on level 2 of the Dungeon.
             The game lasted 00:02:14 (2197 turns).

Ijustatesigmund the Skirmisher (Gargoyle Fighter)   Turns: 2197, Time: 00:02:14

Health: 0/24       AC: 12    Str: 21    XL:     3   Next: 72%
Magic:  3/3        EV:  7    Int:  8    God:
Gold:   16         SH:  4    Dex:  9    Spells: 2/2 levels left

rFire   . . .      SeeInvis .   a - +0 flail
rCold   . . .      Faith    .   c - +0 buckler
rNeg    + . .      Spirit   .   b - +0 chain mail
rPois   ∞          Reflect  .   (no helmet)
rElec   +          Harm     .   (no cloak)
rCorr   .          Rampage  .   (no gloves)
Will    .....                   (no boots)
Stlth   ..........              (no amulet)
HPRegen 0.08/turn               (no ring)
MPRegen 0.08/turn               (no ring)

@: brilliant
A: sickness immunity, AC +3, negative energy resistance 1, electricity
resistance, torment resistance 1, petrification resistance
a: no special abilities


You were on level 2 of the Dungeon.
You visited 1 branch of the dungeon, and saw 2 of its levels.

You collected 16 gold pieces.

Inventory:

Hand Weapons
 a - a +0 flail (weapon)
Armour
 b - a +0 chain mail (worn)
 c - a +0 buckler (worn)
Scrolls
 h - a scroll of fog
Potions
 d - a potion of might
 e - a potion of resistance
 g - a potion of cancellation


   Skills:
 + Level 3.9 Fighting
 * Level 3.4 Maces & Flails
 - Level 3.2 Armour
 - Level 3.2 Shields


You had 2 spell levels left.
You didn't know any spells.
Your spell library was empty.

Dungeon Overview and Level Annotations

Branches:
Dungeon (2/15)

Altars:


Innate Abilities, Weirdness & Mutations

You are immune to sickness and miasma.
Your stone body is resilient. (AC +3)
You are immune to poison.
You resist negative energy. (rN+)
You are resistant to electric shocks. (rElec)
You are resistant to unholy torment.
You are immune to petrification.


Message History

No target in view!
No target in view!
An orc priest comes into view. It is wielding a +0 club.
An orc priest is nearby!
Items here: ))) [ †.
The orc priest mumbles some strange prayers to Beogh against you.
Beogh smites you!
You are too injured to fight recklessly!
You are too injured to fight recklessly!
You are too injured to fight recklessly!
You are too injured to fight recklessly!
You are too injured to fight recklessly!
You are too injured to fight recklessly!
You are too injured to fight recklessly!
You are too injured to fight recklessly!
You are too injured to fight recklessly!
You are too injured to fight recklessly!
You are too injured to fight recklessly!
You are too injured to fight recklessly!
It was a potion of brilliance.
You feel clever all of a sudden.
Okay, then.
You hit the orc priest.
The orc priest is moderately wounded.
The orc priest hits you but does no damage.
You hit the orc priest.
The orc priest is moderately wounded.
You block the orc priest's attack.
You hit the orc priest.
The orc priest is heavily wounded.
You block the orc priest's attack.
The orc priest hits you but does no damage.
You barely miss the orc priest.
The orc priest is heavily wounded.
The orc priest barely misses you.
You closely miss the orc priest.
The orc priest is heavily wounded.
The orc priest calls down the wrath of Beogh upon you.
Beogh smites you!
You die...

..................
.###....>........#
.# #.###.........##
## #.# #..÷.......#
<# #.# #..........#
## ### ######.....#
###..#.....# .#
###.o....##o.# .#
###.o..o.####@.##.#
###......#+#
#...#.###
##...o..###
#)#.....# ..†...###
#.#.....# ....###
#.......# ..###
#.......# ...##
#.......# .†..##
#...##### .....#
#...#


You could see an orc priest.

Vanquished Creatures
  2 worms (D:1)
  A dart slug (D:2)
  3 orcs (D:2)
  5 ball pythons
  7 endoplasms
  A hobgoblin (D:1)
  4 quokkas
  2 bats (D:1)
  3 frilled lizards (D:1)
  2 goblins (D:1)
  A kobold (D:2)
  4 rats
35 creatures vanquished.

Notes
Turn   | Place    | Note
-------+----------+-------------------------------------------
     0 | D:1      | Ijustatesigmund the Gargoyle Fighter began the quest for
                  | the Orb.
     0 | D:1      | Reached XP level 1. HP: 14/14 MP: 1/1
    47 | D:1      | Found a faded altar of an unknown god.
   575 | D:1      | Reached XP level 2. HP: 19/19 MP: 2/2
  1507 | D:1      | Reached XP level 3. HP: 24/24 MP: 3/3
  2197 | D:2      | Killed from afar by an orc priest

Illustrated notes

Levels and vault maps discovered:
D:1:      wheals_arrival_shading, layout_loops_corners,
          dreamdust_ecumenical_altar_statues, nicolae_wormholes
D:2:      minmay_razor_zed, layout_loops_ring, basic_altar, uniq_jessica

Skill      XL: |  1  2 |
---------------+-------+-----
Maces & Flails | 3 |  3.4
Fighting       | |  3.9
Armour         | |  3.2
Shields        | |  3.2

Action                   || total
-------------------------++-------
Melee: Flail             ||   111
  Use: Scroll            ||     3
       Potion            ||     1
Armor: Scale mail        ||    35
       Chain mail        ||    22
Dodge: Dodged            ||    42
Block: Buckler           ||    25
